 Dungeon Crawl Stone Soup version 0.30-a0-304-gdc4b735fe1 (webtiles) character file.

Game seed: 5184953213491557855

3416 koil the Covert (level 9, -14/47 HPs)
             Began as a Spriggan Brigand on Oct 20, 2022.
             Killed from afar by a gargoyle (26 damage)
             ... with a stone arrow
             ... on level 7 of the Dungeon.
             The game lasted 00:26:55 (6403 turns).

koil the Covert (Spriggan Brigand)                  Turns: 6403, Time: 00:26:55

Health: -14/47     AC:  4    Str:  7    XL:     9   Next: 76%
Magic:  29/29      EV: 24    Int: 16    God:
Gold:   534        SH:  0    Dex: 23    Spells: 18/21 levels left

rFire   . . .      SeeInvis +    b - +6 falchion (venom)
rCold   . . .      Faith    .    (no shield)
rNeg    . . .      Spirit   .    f - +0 robe
rPois   .          Reflect  .    (helmet restricted)
rElec   .          Harm     .    v - +1 cloak
rCorr   .          Rampage  .    (gloves unavailable)
Will    +....                    (boots unavailable)
Stlth   +++++.....               B - amulet of regeneration
HPRegen 1.07/turn                t - ring of magical power
MPRegen 0.21/turn                s - +6 ring of dexterity

@: very quick
A: very small, no large weapons, unfitting armour, see invisible, speed 3
a: no special abilities


You were on level 7 of the Dungeon.
You visited 1 branch of the dungeon, and saw 7 of its levels.
You also visited: Ossuary.

You collected 622 gold pieces.
You spent 88 gold pieces at shops.

Inventory:

Hand Weapons
 a - a +2 dagger
 b - a +6 falchion of venom (weapon)
 u - a +2 quarterstaff of chaos
 C - a +1 whip of freezing
 E - a +3 falchion of protection
 J - a +3 falchion
Missiles
 d - 5 poisoned darts
 e - 7 curare-tipped darts (quivered)
Armour
 c - a +0 cloak
 f - a +0 robe (worn)
 v - a +1 cloak (worn)
Jewellery
 n - a ring of positive energy
 r - a ring of flight
 s - a +6 ring of dexterity (right hand)
 t - a ring of magical power (left hand)
 B - an amulet of regeneration (around neck)
Wands
 l - a wand of iceblast (9)
 z - a wand of paralysis (9)
 D - a wand of flame (18)
Scrolls
 i - 6 scrolls of identify {unknown}
 j - 3 scrolls of teleportation {unknown}
 k - a scroll of enchant armour {unknown}
 m - a scroll of amnesia {unknown}
 p - 3 scrolls of butterflies {unknown}
 q - 4 scrolls of noise {unknown}
 x - 2 scrolls of fear {unknown}
 y - a scroll of brand weapon {unknown}
 G - a scroll of blinking {unknown}
Potions
 g - a potion of heal wounds {unknown}
 h - 3 potions of lignification {unknown}
 o - 2 potions of mutation
 w - 2 potions of curing
 A - 2 potions of haste {unknown}
 F - a potion of attraction {unknown}
 H - a potion of invisibility {unknown}
 I - a potion of cancellation {unknown}
 K - a potion of magic {unknown}


   Skills:
 + Level 5.0 Fighting
 + Level 6.7 Short Blades
 - Level 3.2 Throwing
 + Level 7.5 Dodging
 + Level 10.7 Stealth
 + Level 6.8 Spellcasting
 - Level 5.0 Hexes


You had 18 spell levels left.
You knew the following spells:

 Your Spells              Type           Power      Damage    Failure   Level
a - Confusing Touch       Hex            21%        N/A       4%          3

Your spell library contained the following spells:

 Spells                   Type           Power      Damage    Failure   Level
 Beastly Appendage        Tmut           10%        N/A       13%         1
 Kiss of Death            Conj/Necr      20%        2d7       13%         1
 Wereblood                Tmut           5%         N/A       19%         2
 Spider Form              Tmut/Pois      5%         N/A       36%         3
 Dispel Undead            Necr           5%         3d7       77%         4


Dungeon Overview and Level Annotations

Branches:
Dungeon (7/15)             Temple (0/1) D:7         Ossuary (visited)

Altars:
Ashenzari
Cheibriados
Elyvilon
Gozag
Hepliaklqana
Nemelex Xobeh
Qazlal
Uskayaw
Xom

Shops:
D:2 ?[!


Innate Abilities, Weirdness & Mutations

You are very small and have problems with some larger weapons.
You are too small for most types of armour.
You have supernaturally acute eyesight. (SInv)
You cover ground extremely quickly. (Speed+++)


Message History

You stick the iguana like a pincushion!!!!
You kill the iguana!
No target in view!
No target in view!
l - a wand of iceblast (9) (gained 6 charges)
There is an open door here.
A howler monkey comes into view.
A howler monkey is nearby!
A howler monkey comes into view.
A howler monkey comes into view.
There is an open door here.
The helpless howler monkey fails to defend itself.
You stick the howler monkey like a pincushion!!!!
You kill the howler monkey!
The helpless howler monkey fails to defend itself.
You spit the howler monkey like a pig!!!!
You kill the howler monkey!
Your Fighting skill increases to level 5!
The helpless howler monkey fails to defend itself.
You perforate the howler monkey like a sieve!!!!
You kill the howler monkey!
There is an open door here.
Your +6 falchion of venom begins to drip with poison!
b - a +6 falchion of venom (weapon)
The gargoyle closely misses you.
You hit the gargoyle but do no damage. The gargoyle hits you with a +0 mace.
You hit the gargoyle.
The gargoyle is lightly damaged.
The gargoyle hits you with a +0 mace!!
You hit the gargoyle.
The gargoyle is moderately damaged.
The gargoyle hurls a stone arrow at you.
The stone arrow hits you! The gargoyle hits you with a +0 mace.
* * * LOW HITPOINT WARNING * * *
You are too injured to fight recklessly!
There is an open door here.
The gargoyle hurls a stone arrow at you.
The stone arrow hits you!!
Ouch! That really hurt!
You die...

..†....#..............#
......##...####.#####'#
......##...####.##....#
.......#........#.....#
......##....9...#.....#
########........#.....#
. #...###..###...# .
#### ###'###...#
#...@.#...# #.†...'..?#
......†...#...#
.....#....#...#
###############


You could see a gargoyle.

Vanquished Creatures
  Pikel (D:6)
  Grinder (D:4)
  Sigmund (D:6)
  A wraith (D:5)
  Eustachio (D:6)
  Menkaure (D:4)
  A water moccasin (D:5)
  A sky beast (D:7)
  An ice beast (D:5)
  An ogre (D:5)
  A centaur (D:7)
  A phantom (D:5)
  Blork the orc (D:6)
  3 scorpions
  A necrophage (D:4)
  5 howler monkeys
  A centaur zombie (Ossuary)
  9 hounds
  2 jellies (D:6)
  2 human zombies (Ossuary)
  5 orc priests
  Crazy Yiuf (D:3)
  Jessica (D:3)
  5 iguanas
  7 orc wizards
  Ijyb (D:4)
  3 mummies
  Robin (D:3)
  9 adders
  A shadow imp (D:5)
  2 white imps
  An ufetubus (D:5)
  A worm (D:3)
  3 dart slugs (D:4)
  19 orcs
  10 bats
  6 endoplasms
  2 gnoll zombies (Ossuary)
  12 goblins
  10 hobgoblins
  2 jackals (D:4)
  5 kobolds
  5 quokkas
  7 ball pythons
  4 frilled lizards
  4 goblin zombies (Ossuary)
  A hobgoblin zombie (Ossuary)
  4 orc zombies (Ossuary)
  10 rats
178 creatures vanquished.

Notes
Turn   | Place    | Note
-------+----------+-------------------------------------------
     0 | D:1      | koil the Spriggan Brigand began the quest for the Orb.
     0 | D:1      | Reached XP level 1. HP: 10/10 MP: 2/2
   125 | D:1      | Reached skill level 6 in Stealth
   125 | D:1      | Reached XP level 2. HP: 15/15 MP: 3/3
   351 | D:1      | Reached skill level 1 in Spellcasting
   768 | D:2      | Reached XP level 3. HP: 10/18 MP: 5/5
   859 | D:2      | Learned a level 3 spell: Confusing Touch
   908 | D:2      | Found Baox's Armour Shoppe.
   921 | D:2      | Found Feskooga's Distillery.
   967 | D:2      | Bought a potion of mutation for 88 gold pieces
  1410 | D:2      | Found Joxkuc's Magic Scroll Emporium.
  1801 | D:3      | Reached XP level 4. HP: 23/23 MP: 7/7
  2169 | D:3      | Noticed Robin
  2234 | D:3      | Killed Robin
  2237 | D:3      | Reached skill level 1 in Hexes
  2523 | D:3      | Found a runed translucent door.
  2524 | D:3      | Noticed Crazy Yiuf
  2535 | D:3      | Killed Crazy Yiuf
  2536 | D:3      | Reached XP level 5. HP: 26/26 MP: 8/8
  2783 | D:3      | Noticed Jessica
  2789 | D:3      | Killed Jessica
  2907 | D:4      | Noticed Grinder
  2912 | D:4      | Killed Grinder
  2913 | D:4      | Reached skill level 7 in Stealth
  2913 | D:4      | Reached XP level 6. HP: 32/32 MP: 11/11
  3004 | D:4      | Found a sparkling altar of Nemelex Xobeh.
  3056 | D:4      | Found a snail-covered altar of Cheibriados.
  3097 | D:4      | Found a shimmering altar of Xom.
  3290 | D:4      | Reached XP level 7. HP: 35/35 MP: 12/12
  3300 | D:4      | Found a hide-covered altar of Uskayaw.
  3486 | D:4      | Found a broken altar of Ashenzari.
  3665 | D:4      | Noticed Ijyb
  3667 | D:4      | Killed Ijyb
  3692 | D:4      | Noticed Menkaure
  3707 | D:4      | Killed Menkaure
  3908 | D:5      | Entered Level 5 of the Dungeon
  3923 | D:5      | Reached skill level 8 in Stealth
  4130 | D:5      | Noticed a wraith
  4232 | D:5      | Killed a wraith
  4233 | D:5      | Reached skill level 5 in Dodging
  4233 | D:5      | Reached XP level 8. HP: 11/40 MP: 15/15
  4411 | D:5      | Found a stormy altar of Qazlal.
  4598 | D:5      | Reached skill level 5 in Short Blades
  4764 | D:6      | Noticed Eustachio
  4823 | D:5      | Reached skill level 9 in Stealth
  4858 | D:6      | Noticed Pikel
  4876 | D:6      | Noticed Blork the orc
  4884 | D:6      | Killed Pikel
  4885 | D:6      | Reached skill level 5 in Spellcasting
  4885 | D:6      | Reached skill level 5 in Hexes
  4885 | D:6      | Reached XP level 9. HP: 45/45 MP: 18/18
  4949 | D:6      | Killed Blork the orc
  5043 | D:6      | Killed Eustachio
  5363 | D:6      | Noticed Sigmund
  5385 | D:6      | Killed Sigmund
  5386 | D:6      | Reached skill level 10 in Stealth
  5409 | D:6      | Found a white marble altar of Elyvilon.
  5532 | D:6      | Found a hazy altar of Hepliaklqana.
  5676 | D:7      | Found a sand-covered staircase.
  5683 | Ossuary  | Entered an ossuary
  5898 | D:7      | Found an opulent altar of Gozag.
  6099 | D:7      | Found a staircase to the Ecumenical Temple.
  6358 | D:7      | Noticed a gargoyle
  6390 | D:7      | Reached skill level 5 in Fighting
  6403 | D:7      | Killed from afar by a gargoyle

Illustrated notes

Levels and vault maps discovered:
D:1:      amcnicky_arrival_underground_garden, layout_basic
D:2:      layout_loops_corners, serial_shops, nicolae_shop_advertising_works
          [nicolae_subvault_shop_adworks], nicolae_shop_stone, shop_scrolls
D:3:      layout_loops_corners, chequers_jeans, kennysheep_jessica_study,
          uniq_crazy_yiuf_cottage, uniq_robin, uniq_jessica
D:4:      layout_basic, mainiacjoe_overflow_six_doors_small,
          kennysheep_slug_shrine, kennysheep_mini,
          nemelex_xobeh_ov_fountains_minmay, ashenzari_conservatory_becter,
          uniq_grinder, uniq_ijyb, uniq_menkaure
D:5:      layout_rooms, mainiacjoe_overflow_paths, st_stairs_5,
          hangedman_abyss_or_decor_stagger
D:6:      nicolae_cairo_tiling_large_dashed, layout_rooms, elyvilon_altar_4,
          nicolae_hepliaklqana_hippocampus, corexii_leaking_fountain,
          uniq_blork_the_orc, uniq_sigmund, uniq_pikel, uniq_eustachio
D:7:      layout_gridville, nicolae_gozag_cash_rules_everything_around_me,
          minmay_temple_entry_tees, gup_ossuary_entry_pyramid

Skill      XL: |  1  2  3  4  5  6  7  8  9 |
---------------+----------------------------+-----
Stealth        | 6 7 8 9 10 | 10.7
Spellcasting   | 1 2 3 4 5 6 |  6.8
Dodging        | 2 3 4 5 6 7 |  7.5
Fighting       | 2 3 4 5 |  5.0
Hexes          | 1 2 4 5 |  5.0
Short Blades   | 3 4 5 6 |  6.7
Throwing       | 3 |  3.2

Action                   |  1- 3 |  4- 6 |  7- 9 || total
-------------------------+-------+-------+-------++-------
Melee: Dagger            |   104 |   118 |   274 ||   496
       Falchion          |       |     3 |   128 ||   131
       Punch             |       |     1 |     7 ||     8
Throw: Dart              |    12 |     9 |    15 ||    36
 Cast: Confusing Touch   |       |       |    10 ||    10
  Use: Potion            |       |     2 |     1 ||     3
 Stab: Sleeping          |    13 |     8 |    20 ||    41
       Confused          |       |       |    11 ||    11
Armor: Robe              |    12 |    20 |    41 ||    73
Dodge: Dodged            |    79 |    93 |   377 ||   549

Table legend: (Time is in decaauts)
 A = Elapsed time spent in this place.
 B = Non-inter-level travel time spent in this place.
 C = Inter-level travel time spent in this place.
 D = Time resting spent in this place.
 E = Time spent auto-exploring this place.
 F = Levels seen in this place.
 G = Mean time per level.
                   A        B        C        D        E       F      G
               +--------+--------+--------+--------+--------+-----+--------+
         Total |   4489 |   4364 |    125 |    200 |   2747 |   8 |  561.1 |
       Dungeon |   4331 |   4206 |    125 |    200 |   2746 |   7 |  618.7 |
       Ossuary |    157 |    157 |      0 |      0 |      0 |   1 |  157.0 |
               +--------+--------+--------+--------+--------+-----+--------+

Top non-repeatable levels by time:
     D:4: 883 daAuts
     D:3: 821 daAuts
     D:2: 639 daAuts
     D:6: 582 daAuts
     D:5: 554 daAuts
     D:1: 441 daAuts
     D:7: 408 daAuts
 Ossuary: 157 daAuts
